[Event "EYCC G10-ch 2024"]
[Site "Prague"]
[Date "2024.08.28"]
[Round "6.13"]
[White "Isakhanyan, Nare"]
[Black "Volani, Olga"]
[Result "1-0"]
[ECO "D31"]
[WhiteElo "1512"]
[BlackElo "1570"]
[Annotator "NA RC COMBH"]
[PlyCount "103"]
[EventDate "2024.08.19"]
[EventType "swiss"]
[EventCountry "CZE"]
[SourceTitle "playchess.com"]
[Source "ChessBase"]
[SourceQuality "1"]
[TimeControl "5400+30"]

1. d4 e6 2. c4 d5 3. Nc3 Be7 4. Nf3 Nf6 5. cxd5 exd5 6. Bg5 c6 7. e3 Bf5 8. Bd3 Bxd3 9. Qxd3 O-O 10. O-O Nbd7 11. Rab1 a5 12. Qc2 h6 13. Bh4 Re8 14. a3 Nf8 15. b4 axb4 16. axb4 Ng6 17. Bg3 Qd7 18. Na4 Bd8 19. Nc5 Qe7 20. b5 Ne4 21. Nxe4 Qxe4 22. Rfc1 Qxc2 23. Rxc2 Rc8 24. Rbc1 Re6 25. Rc5 Ra8 26. h4 Be7 27. bxc6 bxc6 28. Rxc6 Rxc6 29. Rxc6 Ra1+ 30. Kh2 Ra7 31. h5 Nf8 32. Bd6 Bxd6+ 33. Rxd6 Rd7 34. Ra6 f6 35. Ne1 Kf7 36. Nd3 Ke7 37. Nf4 Rd6 38. Ra5 Ne6 39. Nxd5+ Kd7 40. Nc3 Rc6 41. Nb5 Rb6 42. Ra7+ Kc8 43. Nc3 Nc7 44. Rxc7+ Kd8 45. Rxg7 Ra6 46. Rg6 Ke7 47. Rxh6 Kf7 48. Ne4 Kg7 49. Rxf6 Ra5 50. Rg6+ Kf7 51. Rg5 Ra6 52. d5 1-0

[Event "EYCC G10-ch 2024"]
[Site "Prague"]
[Date "2024.08.28"]
[Round "6.14"]
[White "Trzcinska, Weronika"]
[Black "Macakova, Bianka"]
[Result "1-0"]
[ECO "C47"]
[WhiteElo "1490"]
[BlackElo "1568"]
[Annotator "NA RC COMBH"]
[PlyCount "105"]
[EventDate "2024.08.19"]
[EventType "swiss"]
[EventCountry "CZE"]
[SourceTitle "playchess.com"]
[Source "ChessBase"]
[SourceQuality "1"]
[TimeControl "5400+30"]

1. e4 e5 2. Nf3 Nc6 3. Bc4 Nf6 4. Nc3 Nxe4 5. Nxe4 d5 6. Bxd5 Qxd5 7. Nc3 Qd6 8. h3 Be6 9. d3 Be7 10. Be3 f5 11. Bg5 O-O 12. Bxe7 Qxe7 13. O-O e4 14. dxe4 fxe4 15. Nd2 e3 16. fxe3 Qg5 17. Rxf8+ Rxf8 18. Kh1 Rf2 19. Qg1 Rxd2 20. Ne4 Qd5 21. Nxd2 Qxd2 22. Rf1 Qxc2 23. Rf2 Qc5 24. Qf1 h6 25. Qd3 Qe7 26. a3 Ne5 27. Qe4 Nc6 28. b4 a6 29. Rf4 Qd6 30. Qg6 Qd7 31. Kh2 Ne5 32. Qg3 Bf7 33. Rd4 Qe7 34. Re4 Nf3+ 35. Qxf3 Qd7 36. Rd4 Qe7 37. Qxb7 Qe5+ 38. Kh1 Qxe3 39. Qa8+ Be8 40. Re4 Qc1+ 41. Kh2 Qxa3 42. Rxe8+ Kf7 43. Rf8+ Ke7 44. Qe8+ Kd6 45. Qg6+ Ke5 46. Qf5+ Kd4 47. Rd8+ Kc4 48. Qc5+ Kb3 49. Rd3+ Kb2 50. Qf2+ Kb1 51. Rxa3 c5 52. Ra2 cxb4 53. Qb2# 1-0

[Event "EYCC G10-ch 2024"]
[Site "Prague"]
[Date "2024.08.29"]
[Round "7.1"]
[White "Chen, Yuefan"]
[Black "Anistoroaei, Maria"]
[Result "1/2-1/2"]
[ECO "A40"]
[WhiteElo "1682"]
[BlackElo "1627"]
[Annotator "NA RC"]
[PlyCount "119"]
[EventDate "2024.08.19"]
[EventType "swiss"]
[EventCountry "CZE"]
[SourceTitle "playchess.com"]
[Source "ChessBase"]
[SourceQuality "1"]
[TimeControl "5400+30"]

1. d4 b6 2. c4 Bb7 3. Nc3 e6 4. Bf4 Nf6 5. e3 Be7 6. h3 O-O 7. Nf3 d5 8. Be2 c5 9. O-O Nbd7 10. Bh2 a6 11. a4 Rc8 12. cxd5 Nxd5 13. Nxd5 Bxd5 14. Bxa6 Ra8 15. Bb5 Nf6 16. dxc5 bxc5 17. Ne5 Qb6 18. Qe2 Rfd8 19. Rfd1 Bd6 20. Nc4 Bxh2+ 21. Kxh2 Qb7 22. f3 Nh5 23. Kg1 Ng3 24. Qc2 Nf5 25. Qd3 Qc7 26. Qc3 Qg3 27. Qe1 Qg5 28. e4 Bxc4 29. exf5 Bxb5 30. axb5 Rxa1 31. Rxd8+ Qxd8 32. Qxa1 exf5 33. b3 h6 34. Qc3 Qd6 35. Kf2 f4 36. Kf1 Qd5 37. Qc4 Qe5 38. Qe4 Qa1+ 39. Qe1 Qb2 40. Qd1 Qf6 41. Qe2 Kf8 42. Qa2 Qb6 43. Qa8+ Ke7 44. Qc6 Qxc6 45. bxc6 Kd6 46. Ke2 Kxc6 47. Kd3 Kd5 48. Kc3 g5 49. Kd3 f5 50. Kc3 h5 51. Kd3 h4 52. Kc3 g4 53. Kd3 g3 54. Kc3 Kd6 55. Kd3 Kc6 56. Kc4 Kd6 57. Kd3 Kd5 58. Kc3 Kc6 59. Kc4 Kd6 60. Kd3 1/2-1/2

[Event "EYCC G10-ch 2024"]
[Site "Prague"]
[Date "2024.08.29"]
[Round "7.2"]
[White "Rzadkowska, Lila"]
[Black "Ahmadli, Mehriban"]
[Result "1-0"]
[ECO "A30"]
[WhiteElo "1794"]
[BlackElo "1646"]
[Annotator "NA RC"]
[PlyCount "77"]
[EventDate "2024.08.19"]
[EventType "swiss"]
[EventCountry "CZE"]
[SourceTitle "playchess.com"]
[Source "ChessBase"]
[SourceQuality "1"]
[TimeControl "5400+30"]

1. c4 c5 2. g3 Nc6 3. Bg2 g6 4. e3 Bg7 5. Ne2 Nf6 6. Nbc3 e6 7. Nf4 O-O 8. O-O Re8 9. d4 cxd4 10. exd4 d6 11. Be3 e5 12. dxe5 dxe5 13. Nfd5 Ne7 14. Bg5 Nexd5 15. Nxd5 Be6 16. Qd2 Bxd5 17. cxd5 Qd6 18. Rac1 Rad8 19. Rfd1 Rc8 20. Qa5 a6 21. Qa3 Qd7 22. Qa5 h6 23. Be3 e4 24. Rxc8 Rxc8 25. Bd4 Qg4 26. Qd2 g5 27. d6 Nd7 28. Bxg7 Kxg7 29. Qd4+ f6 30. h3 Qe2 31. Bf1 Qc2 32. Rd2 Qc6 33. Be2 Re8 34. Bd1 Re5 35. Bb3 b5 36. Qa7 Kf8 37. Qc7 Rc5 38. Qd8+ Kg7 39. Qg8# 1-0

[Event "EYCC G10-ch 2024"]
[Site "Prague"]
[Date "2024.08.29"]
[Round "7.3"]
[White "Tykalova, Barbora"]
[Black "Bakhshi, Rana"]
[Result "1/2-1/2"]
[ECO "B52"]
[WhiteElo "1580"]
[BlackElo "1732"]
[Annotator "NA RC"]
[PlyCount "103"]
[EventDate "2024.08.19"]
[EventType "swiss"]
[EventCountry "CZE"]
[SourceTitle "playchess.com"]
[Source "ChessBase"]
[SourceQuality "1"]
[TimeControl "5400+30"]

1. e4 c5 2. Nf3 d6 3. Bb5+ Bd7 4. Bxd7+ Qxd7 5. O-O Nc6 6. c3 Nf6 7. Qe2 e6 8. d4 cxd4 9. cxd4 d5 10. e5 Ng8 11. Nc3 Nge7 12. Nb5 Nf5 13. Be3 h5 14. Rac1 a6 15. Nc3 Be7 16. a3 g5 17. Nxg5 Bxg5 18. Bxg5 Ncxd4 19. Qd1 h4 20. Na4 Ne2+ 21. Qxe2 Qxa4 22. Rc7 h3 23. Rfc1 Qa5 24. Rxb7 d4 25. Qc4 O-O 26. Qe2 Qd5 27. Qf3 Qxf3 28. gxf3 Rab8 29. Rcc7 d3 30. Rxb8 Rxb8 31. Bf6 d2 32. Rd7 Rxb2 33. Kf1 Rb1+ 34. Ke2 Rh1 35. Kxd2 Nh6 36. Bg5 Rxh2 37. Bxh6 Rg2 38. Bf4 h2 39. Bxh2 Rxf2+ 40. Ke3 Rxh2 41. Ra7 Ra2 42. Rxa6 Kg7 43. a4 Kg6 44. a5 Kf5 45. Kd4 Ra4+ 46. Kc5 Kxe5 47. Ra7 f5 48. a6 Kf4 49. Kb5 Ra1 50. Re7 e5 51. Kb6 e4 52. fxe4 1/2-1/2

[Event "EYCC G10-ch 2024"]
[Site "Prague"]
[Date "2024.08.29"]
[Round "7.4"]
[White "Slusarczyk, Agnieszka"]
[Black "Constantin-Ciuntu, Anne-Sophie"]
[Result "1/2-1/2"]
[ECO "D38"]
[WhiteElo "1614"]
[BlackElo "1641"]
[Annotator "NA RC"]
[PlyCount "92"]
[EventDate "2024.08.19"]
[EventType "swiss"]
[EventCountry "CZE"]
[SourceTitle "playchess.com"]
[Source "ChessBase"]
[SourceQuality "1"]
[TimeControl "5400+30"]

1. Nf3 d5 2. d4 Nf6 3. c4 e6 4. Nc3 Bb4 5. Qa4+ Nc6 6. Ne5 Bxc3+ 7. bxc3 Bd7 8. Nxd7 Qxd7 9. Ba3 Ne4 10. Rc1 Nd6 11. cxd5 exd5 12. e3 O-O 13. Qb3 Ne7 14. Be2 Rab8 15. O-O c6 16. Bxd6 Qxd6 17. g3 Qg6 18. Qa3 Nc8 19. c4 Rd8 20. cxd5 Rxd5 21. Rc5 Qd6 22. Qc3 Ne7 23. Bc4 Rxc5 24. dxc5 Qc7 25. Qb3 Ng6 26. f4 Rd8 27. Rb1 Rd7 28. e4 Rd4 29. e5 Nf8 30. e6 fxe6 31. Bxe6+ Kh8 32. Bg4 Qe7 33. Qc3 Rd5 34. Re1 Qd8 35. Qb4 Rd2 36. Re8 Qxe8 37. Qxd2 Qe7 38. Qc3 Ne6 39. Bxe6 Qxe6 40. Qd2 Qe7 41. Qc3 Qe6 42. Qd2 Kg8 43. Qd8+ Kf7 44. Qc7+ Qe7 45. Qa5 Qe3+ 46. Kg2 Qe2+ 1/2-1/2

[Event "EYCC G10-ch 2024"]
[Site "Prague"]
[Date "2024.08.29"]
[Round "7.5"]
[White "Serradell Munoz, Silvia"]
[Black "Russieva, Svitlana"]
[Result "0-1"]
[ECO "D02"]
[WhiteElo "1619"]
[BlackElo "1597"]
[Annotator "NA RC"]
[PlyCount "110"]
[EventDate "2024.08.19"]
[EventType "swiss"]
[EventCountry "CZE"]
[SourceTitle "playchess.com"]
[Source "ChessBase"]
[SourceQuality "1"]
[TimeControl "5400+30"]

1. d4 d5 2. Nf3 Nf6 3. c4 e6 4. e3 a6 5. Nc3 Be7 6. Bd3 dxc4 7. Bxc4 b5 8. Bd3 Bb7 9. O-O Nbd7 10. Re1 c5 11. e4 cxd4 12. Nxd4 Ne5 13. Bc2 Bc5 14. Be3 Neg4 15. Nxe6 Qxd1 16. Raxd1 Nxe3 17. Nc7+ Ke7 18. fxe3 Rad8 19. N7d5+ Nxd5 20. Nxd5+ Ke6 21. Bb3 Ke5 22. Rc1 Rc8 23. Rcd1 Rhd8 24. Kf2 f5 25. Nf4 Bxe4 26. Ne6 Re8 27. Nxc5 Rxc5 28. Rd7 a5 29. Rxg7 a4 30. Bd1 Rd8 31. Bf3 Rd2+ 32. Re2 Rcc2 33. Rxd2 Rxd2+ 34. Kg3 Bxf3 35. Kxf3 Rxb2 36. Rxh7 Rxa2 37. Rb7 Rb2 38. Ra7 Rc2 39. Ra5 Rc5 40. h4 Kd6 41. h5 Kc6 42. h6 Kb6 43. Ra8 Rc7 44. Kf4 Kb7 45. Rg8 a3 46. Rd8 a2 47. Rd1 b4 48. Rh1 Kb8 49. h7 Rxh7 50. Rxh7 a1=Q 51. Rh6 Qf1+ 52. Ke5 Qb5+ 53. Kf4 b3 54. Rh8+ Kc7 55. Rh7+ Kd6 0-1

[Event "EYCC G10-ch 2024"]
[Site "Prague"]
[Date "2024.08.29"]
[Round "7.6"]
[White "Babazade, Khadija"]
[Black "Bhaumik, Mehr"]
[Result "0-1"]
[ECO "B90"]
[WhiteElo "1509"]
[BlackElo "1606"]
[Annotator "NA RC"]
[PlyCount "118"]
[EventDate "2024.08.19"]
[EventType "swiss"]
[EventCountry "CZE"]
[SourceTitle "playchess.com"]
[Source "ChessBase"]
[SourceQuality "1"]
[TimeControl "5400+30"]

1. e4 c5 2. Nf3 d6 3. d4 cxd4 4. Nxd4 Nf6 5. Nc3 a6 6. f3 e5 7. Nb3 Be7 8. Be3 Be6 9. Qd2 Nbd7 10. O-O-O b5 11. g4 Nb6 12. Bxb6 Qxb6 13. Kb1 b4 14. Nd5 Bxd5 15. exd5 a5 16. Qd3 Nd7 17. Qb5 Qxb5 18. Bxb5 Bg5 19. Bc6 Ra7 20. Nd2 Bxd2 21. Rxd2 f6 22. Re2 Kf7 23. Rhe1 Nc5 24. b3 Re7 25. h4 h5 26. g5 fxg5 27. hxg5 Kg6 28. f4 e4 29. Rf1 Kf5 30. Re3 Rf7 31. Bb5 h4 32. Ree1 h3 33. Rh1 Re7 34. Ref1 e3 35. Be2 Ne4 36. Bd3 h2 37. Kb2 Kg6 38. Bxe4+ Rxe4 39. c4 e2 40. Re1 Rh3 41. Kc2 Rf3 42. Rxh2 Rc3+ 43. Kd2 Rd4+ 44. Kxe2 Kf5 45. Kf1 Rxf4+ 46. Rf2 Kxg5 47. Rxf4 Kxf4 48. Re6 a4 49. bxa4 Rxc4 50. Rxd6 Rc1+ 51. Ke2 Ke5 52. Rc6 Rxc6 53. dxc6 Kd6 54. Kd3 Kxc6 55. Kd4 g5 56. Ke4 Kb6 57. Kf5 Ka5 58. Kxg5 Kxa4 59. Kf4 Ka3 0-1

[Event "EYCC G10-ch 2024"]
[Site "Prague"]
[Date "2024.08.29"]
[Round "7.7"]
[White "Kocherha, Yelizavieta"]
[Black "Paunescu, Aida"]
[Result "0-1"]
[ECO "B12"]
[WhiteElo "1519"]
[BlackElo "1603"]
[Annotator "NA RC"]
[PlyCount "116"]
[EventDate "2024.08.19"]
[EventType "swiss"]
[EventCountry "CZE"]
[SourceTitle "playchess.com"]
[Source "ChessBase"]
[SourceQuality "1"]
[TimeControl "5400+30"]

1. e4 c6 2. d4 d5 3. e5 Bf5 4. h4 h6 5. g4 Bg6 6. h5 Bh7 7. e6 fxe6 8. Bd3 e5 9. Bxh7 Rxh7 10. Qd3 e4 11. Qe3 e6 12. c4 Bd6 13. Nh3 Ne7 14. g5 Nf5 15. Qd2 Qc7 16. c5 Be7 17. gxh6 Rxh6 18. Qd1 Rh8 19. Nf4 Qd7 20. Ng6 Rh7 21. Ne5 Qc7 22. Qg4 g5 23. Be3 Nd7 24. Ng6 Bf6 25. Qd1 O-O-O 26. a4 Nxe3 27. fxe3 Qg3+ 28. Kd2 Qf2+ 29. Qe2 Qxe2+ 30. Kxe2 Nf8 31. Nxf8 Rxf8 32. Nc3 Rfh8 33. Rhf1 Be7 34. b4 Rxh5 35. b5 Rh2+ 36. Rf2 g4 37. Rg1 g3 38. Rxg3 Rxf2+ 39. Kxf2 Bh4 40. Kg2 Bxg3 41. Kxg3 Kd7 42. Kf2 Rh2+ 43. Ke1 Rh1+ 44. Kd2 a6 45. b6 Ke7 46. Nd1 Rh2+ 47. Ke1 Kf6 48. Nf2 Kf5 49. Kf1 Rh8 50. Kg1 e5 51. Kf1 exd4 52. exd4 Kf4 53. a5 Kf3 54. Kg1 Rg8+ 55. Kf1 e3 56. Nd3 e2+ 57. Ke1 Ke3 58. Nf2 Rg1# 0-1

[Event "EYCC G10-ch 2024"]
[Site "Prague"]
[Date "2024.08.29"]
[Round "7.8"]
[White "Stoica, Melina-Theodora"]
[Black "Kiryttopoulou, Eleonora Kaisa"]
[Result "1-0"]
[ECO "A45"]
[WhiteElo "1576"]
[BlackElo "1525"]
[Annotator "NA RC"]
[PlyCount "111"]
[EventDate "2024.08.19"]
[EventType "swiss"]
[EventCountry "CZE"]
[SourceTitle "playchess.com"]
[Source "ChessBase"]
[SourceQuality "1"]
[TimeControl "5400+30"]

1. d4 Nf6 2. Bf4 b6 3. Nf3 Bb7 4. e3 g6 5. c4 d6 6. Nc3 Bg7 7. Be2 O-O 8. O-O Nbd7 9. Rc1 Nh5 10. Bg5 Nhf6 11. Qd2 e5 12. d5 Qe8 13. Rfd1 e4 14. Nd4 a6 15. h3 Ne5 16. Bxf6 Bxf6 17. Nxe4 Bg7 18. Ng3 h5 19. Nf3 a5 20. a3 Ba6 21. b3 Nxf3+ 22. Bxf3 a4 23. b4 Rc8 24. c5 Qe5 25. Be2 b5 26. cxd6 cxd6 27. Rc6 h4 28. Nf1 Ra8 29. Rb6 Rfb8 30. Rxb8+ Rxb8 31. Rc1 Bb7 32. Rd1 Bc8 33. Rc1 Qg5 34. Kh1 Bb7 35. Bf3 Be5 36. Rc2 Bg7 37. e4 Qxd2 38. Nxd2 Rc8 39. Rxc8+ Bxc8 40. Be2 Bd7 41. Kg1 Bc3 42. Nb1 Be5 43. Kf1 Kg7 44. Ke1 Kf6 45. Kd2 Be8 46. Nc3 Bxc3+ 47. Kxc3 Ke5 48. Kd3 Bd7 49. Ke3 g5 50. Bh5 f6 51. Bg4 f5 52. Bxf5 Bxf5 53. exf5 Kxf5 54. Kf3 Ke5 55. Kg4 Kf6 56. f4 1-0

[Event "EYCC G10-ch 2024"]
[Site "Prague"]
[Date "2024.08.29"]
[Round "7.9"]
[White "Milojevic, Dunja"]
[Black "Isakhanyan, Nare"]
[Result "1-0"]
[ECO "D18"]
[WhiteElo "1568"]
[BlackElo "1512"]
[Annotator "NA RC"]
[PlyCount "159"]
[EventDate "2024.08.19"]
[EventType "swiss"]
[EventCountry "CZE"]
[SourceTitle "playchess.com"]
[Source "ChessBase"]
[SourceQuality "1"]
[TimeControl "5400+30"]

1. d4 d5 2. c4 c6 3. Nf3 Nf6 4. Nc3 dxc4 5. a4 Bf5 6. e3 e6 7. Bxc4 Bb4 8. O-O Nbd7 9. Bd2 O-O 10. Nh4 Bg6 11. Nxg6 hxg6 12. Qc2 Nb6 13. Bb3 a5 14. Rad1 Rc8 15. e4 Qe7 16. Bg5 Qc7 17. Bxf6 gxf6 18. f4 Kg7 19. f5 exf5 20. exf5 Rh8 21. g3 Bxc3 22. Qxc3 Nd5 23. Qf3 Qd6 24. fxg6 fxg6 25. Rd2 Rce8 26. Re2 Qb4 27. Bxd5 Qxd4+ 28. Ref2 cxd5 29. Rd1 Qb6 30. Rxd5 Qc6 31. Rfd2 Re7 32. Qd3 Qxa4 33. Qc3 Qe4 34. Rf2 Rf7 35. Rxa5 Rd8 36. Ra1 Rdd7 37. Re1 Qd5 38. Rc1 Qd6 39. Rcf1 Rc7 40. Qb3 Qe5 41. Qb6 Rc6 42. Qb3 Qc5 43. Kh1 Rb6 44. Qd3 Qc6+ 45. Kg1 Qc5 46. Kh1 Qe5 47. Re2 Qc7 48. Qd4 Rd6 49. Qb4 Rc6 50. Qf4 Qd7 51. Rd2 Qc8 52. Rdf2 Re6 53. Rc1 Rc6 54. Rxc6 Qxc6+ 55. Qf3 Qb6 56. Kg2 Re7 57. Re2 Kf7 58. Qd5+ Kf8 59. Qd2 Rxe2+ 60. Qxe2 Kf7 61. Qd2 Qc6+ 62. Kg1 Qb6+ 63. Kg2 Qc6+ 64. Kg1 Qb6+ 65. Kg2 Ke6 66. Kh1 g5 67. Kg2 Qc6+ 68. Kg1 Qc5+ 69. Kg2 Qe5 70. Kf2 g4 71. Qb4 Qf5+ 72. Kg2 Qf3+ 73. Kg1 f5 74. Qb6+ Ke5 75. Qb5+ Ke4 76. Qxb7+ Kd4 77. Qxf3 gxf3 78. Kf2 Ke4 79. b4 Kd5 80. h4 1-0

[Event "EYCC G10-ch 2024"]
[Site "Prague"]
[Date "2024.08.29"]
[Round "7.10"]
[White "Jaksa, Ema"]
[Black "Trzcinska, Weronika"]
[Result "1-0"]
[ECO "C50"]
[WhiteElo "1551"]
[BlackElo "1490"]
[Annotator "NA RC"]
[PlyCount "133"]
[EventDate "2024.08.19"]
[EventType "swiss"]
[EventCountry "CZE"]
[SourceTitle "playchess.com"]
[Source "ChessBase"]
[SourceQuality "1"]
[TimeControl "5400+30"]

1. e4 e5 2. Nf3 Nc6 3. Bc4 Be7 4. O-O Nf6 5. d3 d6 6. c3 O-O 7. Nbd2 Bg4 8. Re1 Na5 9. Bb5 a6 10. Ba4 b5 11. Bc2 c5 12. Nf1 h6 13. h3 Bxf3 14. Qxf3 Nh7 15. Ng3 Bg5 16. Nf5 Bxc1 17. Raxc1 Qf6 18. Qg4 Nc6 19. f4 Ne7 20. fxe5 dxe5 21. Rf1 Nxf5 22. Rxf5 Qe7 23. Rcf1 f6 24. h4 Kh8 25. Qg6 Qf7 26. Qxf7 Rxf7 27. g4 Rd7 28. Rd1 Rad8 29. Rff1 Nf8 30. g5 Rd6 31. gxh6 gxh6 32. h5 Kg7 33. Rf3 Ne6 34. Rg3+ Kh7 35. Rg4 Nf4 36. d4 cxd4 37. Rxf4 d3 38. Rxd3 Rxd3 39. Rxf6 Rd2 40. Bb3 R2d6 41. Rf7+ Kh8 42. Rf5 Re8 43. Bd5 Re7 44. Rf8+ Kg7 45. Rg8+ Kh7 46. Rf8 Rg7+ 47. Kf2 a5 48. Re8 Rf6+ 49. Ke3 Rg3+ 50. Ke2 Rg5 51. Re7+ Kh8 52. Rb7 Rg2+ 53. Ke3 Rxb2 54. Re7 Rc2 55. Rxe5 Rxc3+ 56. Kd4 Rff3 57. Re8+ Kg7 58. Rg8+ Kh7 59. Rb8 Rfd3+ 60. Ke5 Rc5 61. Rd8 Kg7 62. Rd7+ Kh8 63. Kf6 Rg3 64. e5 Rc8 65. e6 Rf8+ 66. Ke7 Rgg8 67. Kd6 1-0

[Event "EYCC G10-ch 2024"]
[Site "Prague"]
[Date "2024.08.29"]
[Round "7.11"]
[White "Goralik, Zuzanna"]
[Black "Rekhviashvili, Mariam"]
[Result "0-1"]
[ECO "D35"]
[WhiteElo "1459"]
[BlackElo "1542"]
[Annotator "NA RC"]
[PlyCount "130"]
[EventDate "2024.08.19"]
[EventType "swiss"]
[EventCountry "CZE"]
[SourceTitle "playchess.com"]
[Source "ChessBase"]
[SourceQuality "1"]
[TimeControl "5400+30"]

1. d4 d5 2. c4 e6 3. Nc3 Nf6 4. cxd5 exd5 5. Bg5 Be7 6. e3 h6 7. Bh4 O-O 8. Bd3 c6 9. Qc2 Nbd7 10. Nge2 Re8 11. O-O Ne4 12. Bxe7 Qxe7 13. Bxe4 dxe4 14. Rfd1 Nf6 15. d5 Qd6 16. dxc6 Qxc6 17. Nd4 Qc5 18. Rd2 Bd7 19. Rad1 Rac8 20. Nb3 Qc7 21. h3 Bb5 22. Nc1 Ba6 23. Rd6 Bd3 24. R6xd3 exd3 25. Nxd3 Ne4 26. Rc1 Nxc3 27. bxc3 Red8 28. Nf4 Qd6 29. Rb1 b6 30. Qb3 Qe5 31. Rc1 g5 32. Ne2 Qd5 33. Qa3 a5 34. Nd4 Rc4 35. Rb1 Qc5 36. Qxc5 Rxc5 37. Rxb6 Rxc3 38. Rxh6 Ra3 39. Ra6 Rxa2 40. Nc6 Rd1+ 41. Kh2 a4 42. Nb4 Raa1 43. Ra5 f6 44. Nc2 Ra2 45. Nb4 Rxf2 46. Rxa4 Rdd2 47. Ra8+ Kg7 48. Ra7+ Kg6 49. Ra1 Rxg2+ 50. Kh1 Rh2+ 51. Kg1 Rdg2+ 52. Kf1 Rb2 53. Kg1 Rxh3 54. Nd3 Rd2 55. Nf2 Rxe3 56. Nh1 Ree2 57. Rb1 Rg2+ 58. Kf1 Rh2 59. Ng3 Rdg2 60. Ne4 Rg4 61. Nf2 Rf4 62. Rd1 Rfxf2+ 63. Kg1 Rfg2+ 64. Kf1 Rh1+ 65. Kxg2 Rxd1 0-1

[Event "EYCC G10-ch 2024"]
[Site "Prague"]
[Date "2024.08.29"]
[Round "7.12"]
[White "Wang, Yi Xuan"]
[Black "Karabas, Beren Nisa"]
[Result "1/2-1/2"]
[ECO "D85"]
[WhiteElo "1734"]
[BlackElo "1494"]
[Annotator "NA RC"]
[PlyCount "104"]
[EventDate "2024.08.19"]
[EventType "swiss"]
[EventCountry "CZE"]
[SourceTitle "playchess.com"]
[Source "ChessBase"]
[SourceQuality "1"]
[TimeControl "5400+30"]

1. d4 Nf6 2. c4 g6 3. Nc3 d5 4. cxd5 Nxd5 5. e4 Nxc3 6. bxc3 Bg7 7. Nf3 O-O 8. Bc4 Bg4 9. O-O c5 10. Bb2 Nc6 11. d5 Ne5 12. Be2 Qc7 13. Nxe5 Bxe2 14. Qxe2 Bxe5 15. h3 Rfd8 16. c4 a6 17. a4 Rab8 18. Bxe5 Qxe5 19. f4 Qg7 20. Rab1 b6 21. f5 Qe5 22. fxg6 hxg6 23. Qf3 Rf8 24. Kh1 Kg7 25. Qg4 Rh8 26. Rf3 f6 27. Rfb3 Qd6 28. Qe6 Rhd8 29. Qxd6 Rxd6 30. a5 b5 31. cxb5 c4 32. Rb4 axb5 33. Rxb5 Rxb5 34. Rxb5 Ra6 35. Rc5 c3 36. Kh2 Kf7 37. h4 c2 38. Rxc2 Rxa5 39. Kh3 Ra3+ 40. g3 Re3 41. Rc4 Re1 42. Rd4 Re2 43. Kg4 Re3 44. Kf4 Re1 45. Rd3 Rf1+ 46. Rf3 Re1 47. g4 Rh1 48. Rd3 Rxh4 49. d6 g5+ 50. Kg3 exd6 51. Rxd6 Rh1 52. Kf2 Rh4 1/2-1/2

[Event "EYCC G10-ch 2024"]
[Site "Prague"]
[Date "2024.08.29"]
[Round "7.13"]
[White "Kravchuk, Daria"]
[Black "Hatuk, Neris"]
[Result "0-1"]
[ECO "B13"]
[WhiteElo "1597"]
[BlackElo "1671"]
[Annotator "NA RC"]
[PlyCount "50"]
[EventDate "2024.08.19"]
[EventType "swiss"]
[EventCountry "CZE"]
[SourceTitle "playchess.com"]
[Source "ChessBase"]
[SourceQuality "1"]
[TimeControl "5400+30"]

1. e4 c6 2. d4 d5 3. exd5 cxd5 4. c4 Nc6 5. Nc3 Nf6 6. Bg5 Be6 7. Nge2 h6 8. Bxf6 exf6 9. Nf4 Bb4 10. Nxe6 fxe6 11. Qh5+ Kf8 12. Qg4 Qb6 13. Rd1 Qa5 14. Be2 Bxc3+ 15. bxc3 Qxc3+ 16. Kf1 Re8 17. cxd5 exd5 18. Qf4 Re6 19. g3 Qc2 20. Bf3 g5 21. Qc7 Rh7 22. Qc8+ Re8 23. Qh3 h5 24. Bxh5 Qxd1+ 25. Bxd1 Rxh3 0-1

[Event "EYCC G10-ch 2024"]
[Site "Prague"]
[Date "2024.08.30"]
[Round "8.1"]
[White "Chen, Yuefan"]
[Black "Rzadkowska, Lila"]
[Result "1-0"]
[ECO "A46"]
[WhiteElo "1682"]
[BlackElo "1794"]
[Annotator "NA RC"]
[PlyCount "65"]
[EventDate "2024.08.19"]
[EventType "swiss"]
[EventCountry "CZE"]
[SourceTitle "playchess.com"]
[Source "ChessBase"]
[SourceQuality "1"]
[TimeControl "5400+30"]

1. d4 Nf6 2. Nf3 d5 3. c4 e6 4. e3 c5 5. Nc3 Nc6 6. Be2 dxc4 7. Bxc4 Qc7 8. dxc5 Bxc5 9. O-O a6 10. a3 O-O 11. Qc2 Ba7 12. Bd3 Ne5 13. Nxe5 Qxe5 14. Ne4 Ng4 15. Ng3 h6 16. Bd2 Qg5 17. h3 Nxe3 18. Bxe3 Bxe3 19. Ne4 Qf4 20. fxe3 Qxe3+ 21. Nf2 Bd7 22. Qe2 Qg5 23. Qg4 Qf6 24. Qe4 g6 25. Ng4 Qe7 26. Nf6+ Kg7 27. Qe5 Rg8 28. Nxd7+ Kh7 29. Nf6+ Kg7 30. Nd5+ f6 31. Nxe7 fxe5 32. Nxg8 Rxg8 33. Rae1 1-0

[Event "EYCC G10-ch 2024"]
[Site "Prague"]
[Date "2024.08.30"]
[Round "8.2"]
[White "Anistoroaei, Maria"]
[Black "Russieva, Svitlana"]
[Result "0-1"]
[ECO "D47"]
[WhiteElo "1627"]
[BlackElo "1597"]
[Annotator "NA RC"]
[PlyCount "180"]
[EventDate "2024.08.19"]
[EventType "swiss"]
[EventCountry "CZE"]
[SourceTitle "playchess.com"]
[Source "ChessBase"]
[SourceQuality "1"]
[TimeControl "5400+30"]

1. d4 d5 2. c4 e6 3. Nc3 c6 4. e3 Nf6 5. Nf3 Nbd7 6. Bd3 dxc4 7. Bxc4 b5 8. Bd3 Bb7 9. O-O a6 10. e4 c5 11. Bg5 Be7 12. e5 Nd5 13. Ne4 O-O 14. Nd6 Bc6 15. Bxe7 Qxe7 16. dxc5 Nf4 17. Rc1 Bxf3 18. Qxf3 Nxe5 19. Bxh7+ Kxh7 20. Qxf4 Ng6 21. Qf3 Ra7 22. Rfe1 Rc7 23. Ne4 Kg8 24. Qa3 Ne5 25. Qg3 Ng6 26. Rcd1 Rd8 27. Rd6 Rcd7 28. Red1 e5 29. h3 Nf4 30. Qe3 Ne6 31. Rxd7 Rxd7 32. Rd6 f5 33. Qb3 Rxd6 34. cxd6 Qf7 35. Ng3 Kh7 36. Qd5 Qd7 37. Qxe5 f4 38. Ne4 Kh8 39. Qh5+ Kg8 40. Qg4 Kf7 41. Ng5+ Kf6 42. Nxe6 Qxe6 43. d7 Qe1+ 44. Kh2 Qd2 45. d8=Q+ Qxd8 46. Qxf4+ Ke6 47. Qe4+ Kf7 48. Qb7+ Kg8 49. Qxa6 Qc7+ 50. g3 Qc2 51. Qe6+ Kh7 52. Kg2 Qxb2 53. Qb3 Qe2 54. Qf3 Qxa2 55. Qh5+ Kg8 56. Qxb5 Qd2 57. Qe8+ Kh7 58. Qe4+ Kg8 59. Qf3 Qa2 60. h4 Qa5 61. g4 Qd8 62. Kh3 Qe7 63. Qa8+ Kh7 64. f3 Qc5 65. Qe4+ g6 66. h5 Qg1 67. Qxg6+ Kh8 68. h6 Qf1+ 69. Kh4 Qf2+ 70. Kg5 Qd2+ 71. f4 Qd8+ 72. Qf6+ Kh7 73. f5 Qd2+ 74. Kh5 Qh2+ 75. Qh4 Qd6 76. Kg5 Qd2+ 77. Kf6 Qd8+ 78. Ke6 Qxh4 79. f6 Qxg4+ 80. Ke7 Kxh6 81. f7 Qb4+ 82. Ke8 Kg7 83. Kd7 Qb6 84. Ke8 Qe6+ 85. Kd8 Qxf7 86. Kc8 Kf6 87. Kb8 Ke6 88. Ka8 Kd6 89. Kb8 Kc6 90. Ka8 Qb7# 0-1

[Event "EYCC G10-ch 2024"]
[Site "Prague"]
[Date "2024.08.30"]
[Round "8.3"]
[White "Bakhshi, Rana"]
[Black "Jaksa, Ema"]
[Result "0-1"]
[ECO "D27"]
[WhiteElo "1732"]
[BlackElo "1551"]
[Annotator "NA RC"]
[PlyCount "78"]
[EventDate "2024.08.19"]
[EventType "swiss"]
[EventCountry "CZE"]
[SourceTitle "playchess.com"]
[Source "ChessBase"]
[SourceQuality "1"]
[TimeControl "5400+30"]

1. d4 d5 2. c4 dxc4 3. Nf3 Nf6 4. e3 e6 5. Bxc4 c5 6. O-O a6 7. Nc3 b5 8. Bb3 Bb7 9. Ne5 cxd4 10. exd4 Nc6 11. Nxc6 Bxc6 12. Be3 Bd6 13. f4 h5 14. f5 Bxh2+ 15. Kh1 Ng4 16. Bf2 Nxf2+ 17. Rxf2 Qh4 18. Rc2 Bg3+ 19. Kg1 Qh2+ 20. Kf1 Qh1+ 21. Ke2 Qxg2+ 22. Kd3 Qh3 23. Qf1 Qg4 24. Re2 O-O-O 25. d5 Qxf5+ 26. Qxf5 exf5 27. Rc1 Kb8 28. Re7 Be8 29. Rf1 g6 30. Kd4 h4 31. a4 h3 32. Ne2 Bd6 33. Re3 h2 34. Rh1 g5 35. Rf3 f4 36. Rf2 g4 37. Ke4 f3 38. Nf4 g3 39. Rxf3 Bxf4 0-1